 Dungeon Crawl Stone Soup version 0.32-a0-768-g0f6f1dd4b9 (webtiles) character file.

Game seed: 9444810301294027789

563040 Drazool the Lord of Darkness (level 25, -30/182 HPs)
             Began as a Mummy Necromancer on Mar 12, 2024.
             Was the Champion of Kikubaaqudgha.
             Killed from afar by a Brimstone Fiend (43 damage)
             ... with damnation
             ... summoned by a dread lich
             ... on level 5 of the Realm of Zot on Mar 18, 2024.
             The game lasted 08:16:32 (72523 turns).

Drazool the Lord of Darkness (Mummy Necromancer)   Turns: 72523, Time: 08:16:32

Health: -30/182    AC: 17    Str: 13      XL:     25   Next: 40%
Magic:  19/48      EV: 15    Int: 25 (26) God:    Kikubaaqudgha [******]
Gold:   4129       SH:  0    Dex: 13 (14) Spells: 1/66 levels left

rFire   + + .        i - staff of fire {!a}
rCold   + . .        (no shield)
rNeg    + + +        h - +1 leather armour "Nileur" {rElec Slay+3}
rPois   ∞            y - +2 helmet {SInv}
rElec   +            l - +2 cloak
rCorr   .            A - +2 pair of gloves {hurl}
SInv    +            c - +2 pair of boots
Will    ++++.        Y - amulet "Riedos" {Fly Will+ RegenMP+ Int+3}
Stlth   ++           f - ring of protection from fire
HPRegen 0.50/turn    F - ring of protection from fire
MPRegen 0.71/turn

%: faith
@: flying
A: cold resistance 1, negative energy resistance 3, torment resistance 2, heat
vulnerability 1, in touch with death 2, no potions, faith
}: 3/15 runes: decaying, serpentine, silver
a: Renounce Religion, Unearth Wretches, Torment


You were on level 5 of the Realm of Zot.
You worshipped Kikubaaqudgha.
Kikubaaqudgha was exalted by your worship.
You visited 11 branches of the dungeon, and saw 51 of its levels.

You collected 7382 gold pieces.
You spent 3253 gold pieces at shops.


Innate Abilities, Weirdness & Mutations

You are immune to poison.
Your flesh is cold resistant. (rC+)
You are immune to negative energy. (rN+++)
You are immune to unholy pain and torment.
You are vulnerable to heat. (rF-)
You are strongly in touch with the powers of death.
You do not drink.
You have a special connection with the divine. (Faith)


   Skills:
 - Level 11.5 Fighting
 - Level 3.2(4.0) Axes
 - Level 3.4(8.6) Maces & Flails
 - Level 11.7(12.0) Staves
 + Level 13.5 Throwing
 - Level 5.4 Armour
 - Level 11.0 Dodging
 - Level 3.0 Stealth
 - Level 5.0 Shields
 - Level 21.0 Spellcasting
 - Level 19.0 Hexes
 - Level 12.0 Summonings
 - Level 22.0 Necromancy
 - Level 5.3 Translocations
 - Level 8.0 Evocations


You had one spell level left.
You knew the following spells:

 Your Spells              Type           Power      Damage    Failure   Level
a - Animate Dead          Necr           100%       N/A       0%          4
b - Borgnjor's Vile Clut  Necr/Erth      55%        N/A       1%          5
c - Martyr's Knell        Necr/Summ      100%       N/A       1%          4
d - Death Channel         Necr           70%        N/A       1%          6
e - Infestation           Necr           70%        N/A       1%          8
f - Yara's Violent Unrav  Hex/Alch       32%        3d13      1%          5
h - Haunt                 Necr/Summ      64%        N/A       1%          7
n - Dispel Undead         Necr           100%       3d31      0%          4
u - Passage of Golubria   Tloc           52%        N/A       2%          4
v - Vampiric Draining     Necr           100%       2d13      0%          3
D - Discord               Hex            44%        N/A       5%          8
X - Necrotise             Necr           100%       1d9       0%          1
Y - Anguish               Hex/Necr       69%        N/A       0%          4
Z - Cigotuvi's Dreadful   Necr/Alch/Air  100%       N/A       1%          2

Your spell library contained the following spells:

 Spells                   Type           Power      Damage    Failure   Level
 Slow                     Hex            100%       N/A       0%          1
 Summon Small Mammal      Summ           100%       N/A       0%          1
 Apportation              Tloc           100%       N/A       1%          1
 Freeze                   Ice            100%       1d10      1%          1
 Kiss of Death            Conj/Necr      100%       2d13      1%          1
 Magic Dart               Conj           100%       1d8       1%          1
 Sandblast                Erth           52%        2d12      1%          1
 Shock                    Conj/Air       100%       1d9       1%          1
 Sting                    Conj/Alch      100%       1d9       1%          1
 Jinxbite                 Hex            100%       N/A       0%          2
 Confusing Touch          Hex            88%        N/A       0%          3
 Fugue of the Fallen      Necr           100%       N/A       0%          3
 Tukima's Dance           Hex            88%        N/A       0%          3
 Curse of Agony           Necr           100%       N/A       0%          5
 Blink                    Tloc           100%       N/A       1%          2
 Call Imp                 Summ           100%       N/A       1%          2
 Ensorcelled Hibernation  Hex/Ice        100%       N/A       1%          2
 Lesser Beckoning         Tloc           100%       N/A       1%          2
 Momentum Strike          Conj/Tloc      78%        3d10      1%          2
 Dazzling Flash           Conj/Hex       100%       N/A       1%          3
 Gell's Gravitas          Tloc           52%        N/A       1%          3
 Inner Flame              Hex/Fire       84%        N/A       1%          3
 Summon Ice Beast         Ice/Summ       54%        N/A       1%          3
 Teleport Other           Tloc           52%        N/A       1%          3
 Volatile Blastmotes      Fire/Tloc      100%       2d18      1%          3
 Animate Armour           Summ/Erth      100%       N/A       1%          4
 Summon Lightning Spire   Summ/Air       54%        N/A       1%          4
 Silence                  Hex/Air        32%        N/A       1%          5
 Summon Forest            Summ/Tloc      31%        N/A       1%          5
 Mercury Vapours          Alch/Air       52%        N/A       3%          2
 Static Discharge         Conj/Air       52%        3-6/arc   3%          2
 Frozen Ramparts          Ice            52%        1d8       6%          3
 Hailstorm                Conj/Ice       26%        3d7       6%          3
 Mephitic Cloud           Conj/Alch/Air  26%        N/A       6%          3
 Passwall                 Erth           26%        N/A       6%          3
 Stone Arrow              Conj/Erth      52%        3d10      6%          3
 Swiftness                Air            26%        N/A       6%          3
 Vhi's Electric Charge    Tloc/Air       78%        N/A       7%          4
 Summon Hydra             Summ           36%        N/A       12%         7
 Airstrike                Air            13%        2d(2-18)  19%         4
 Brom's Barrelling Bould  Conj/Erth      26%        2d5       19%         4
 Flame Wave               Conj/Fire      39%        2d11      19%         4
 Ignite Poison            Fire/Alch      39%        N/A       19%         4
 Leda's Liquefaction      Alch/Erth      13%        N/A       19%         4
 Olgreb's Toxic Radiance  Alch           26%        N/A       19%         4
 Sticky Flame             Fire/Alch      39%        2d8       19%         4
 Dispersal                Tloc           26%        N/A       32%         6
 Alistair's Intoxication  Alch           17%        N/A       47%         5
 Arcjolt                  Conj/Air       13%        1d23      47%         5
 Fireball                 Conj/Fire      19%        3d9       47%         5
 Freezing Cloud           Conj/Ice/Air   13%        6-21      47%         5
 Irradiate                Conj/Alch      13%        3d16      47%         5
 Iskenderun's Battlesphe  Conj           26%        2d8       47%         5
 Lee's Rapid Deconstruct  Erth           13%        3d9*      47%         5
 Spellforged Servitor     Conj/Summ      27%        N/A       80%         7
 Bombard                  Conj/Erth      13%        9d3       96%         6
 Conjure Ball Lightning   Conj/Air       13%        3x3d6     96%         6
 Eringya's Noxious Bog    Alch           13%        4d6       96%         6
 Permafrost Eruption      Ice/Erth       13%        2x4d5     96%         6
 Sculpt Simulacrum        Ice/Alch       13%        N/A       96%         6
 Starburst                Conj/Fire      19%        6d7       96%         6
 Orb of Destruction       Conj           13%        9d7       100%        7
 Ozocubu's Refrigeration  Ice            13%        4d10      100%        7
 Ignition                 Fire           19%        3d7       100%        8
 Lehudib's Crystal Spear  Conj/Erth      13%        10d4      100%        8
 Maxwell's Capacitive Co  Air            13%        ∞         100%        8
 Borgnjor's Revivificati  Necr           Unusable   N/A       N/A         8
 Death's Door             Necr           Unusable   N/A       N/A         9

Inventory:

Hand Weapons
 a - the +8 broad axe of Abuse {freeze, rF+ Int+5}
   (You found it on level 9 of the Dungeon)

   Int+5:     It affects your intelligence (+5).
   rF+:       It protects you from fire.
Missiles
 v - 13 silver javelins
 z - 4 curare-tipped darts {=f}
 V - 85 poisoned darts
Armour
 c - a +2 pair of boots (worn)
 h - the +1 leather armour "Nileur" (worn) {rElec Slay+3}
   (You found it on level 2 of the Dungeon)

   Slay+3:    It affects your accuracy & damage with ranged weapons and melee
   (+3).
   rElec:     It insulates you from electricity.
 l - a +2 cloak (worn)
 y - a +2 helmet of see invisible (worn)
 A - a +2 pair of gloves of hurling (worn)
Magical Staves
 i - a staff of fire (weapon) {!a}
 q - the staff "Feoc" {rElec Int+5 Dex-5 Air, !a}
   (You found it on level 3 of the Elven Halls)

   [staff of air]

   Base accuracy: +5 Base damage: 5 Base attack delay: 1.2 This weapon's minimum
   attack delay (0.6) is reached at skill level 12.
   Int+5:     It affects your intelligence (+5).
   Dex-5:     It affects your dexterity (-5).
   rElec:     It insulates you from electricity.
   Air:       It increases the power of your Air spells.
   It falls into the 'Staves' category.
   It is a one-handed weapon.
 w - a staff of earth {!a}
 D - a staff of death {!a}
 N - the staff of an ossuary {rElec rC+ rN++ Dex+5 Ice, !a}
   (You found it on level 3 of the Crypt)

   [staff of cold]

   Base accuracy: +5 Base damage: 5 Base attack delay: 1.2 This weapon's minimum
   attack delay (0.6) is reached at skill level 12.
   Dex+5:     It affects your dexterity (+5).
   rC+:       It protects you from cold.
   rElec:     It insulates you from electricity.
   rN++:      It greatly protects you from negative energy.
   Ice:       It increases the power of your Ice spells.
   It falls into the 'Staves' category.
   It is a one-handed weapon.
Jewellery
 d - the ring "Ittu" {rPois rC+ rN++ Str+3}
   (You found it on level 3 of the Crypt)

   [ring of poison resistance]

   Str+3:     It affects your strength (+3).
   rC+:       It protects you from cold.
   rPois:     It protects you from poison.
   rN++:      It greatly protects you from negative energy.
 f - a ring of protection from fire (left hand)
 E - a +5 ring of evasion
 F - a ring of protection from fire (right hand)
 I - a +6 ring of intelligence
 J - a ring of protection from cold
 K - the amulet "Biess" {+Blink rElec Regen+ RegenMP+ Dex+2 Stlth-}
   (You found it on level 3 of the Crypt)

   [amulet of magic regeneration]

   It increases your rate of magic regeneration.
   Dex+2:     It affects your dexterity (+2).
   rElec:     It insulates you from electricity.
   +Blink:    It lets you blink.
   Regen+:    It increases your rate of health regeneration.
   Stlth-:    It makes you less stealthy.
   RegenMP+:  It increases your rate of magic regeneration.
 M - a ring of magical power
 R - a ring of resist corrosion
 W - a ring of willpower
 Y - the amulet "Riedos" (around neck) {Fly Will+ RegenMP+ Int+3}
   (You bought it in a shop on level 4 of the Depths)

   [amulet of magic regeneration]

   It increases your rate of magic regeneration.
   Int+3:     It affects your intelligence (+3).
   Will+:     It increases your willpower.
   Fly:       It grants you flight.
   RegenMP+:  It increases your rate of magic regeneration.
 Z - a ring of wizardry
Wands
 j - a wand of light (38)
 n - a wand of paralysis (69)
 s - a wand of iceblast (45)
 G - a wand of polymorph (26)
 H - a wand of digging (34)
 L - a wand of flame (92)
 Q - a wand of mindburst (28)
Scrolls
 b - 8 scrolls of amnesia
 g - 2 scrolls of revelation
 k - 10 scrolls of noise
 m - 5 scrolls of fear
 r - 9 scrolls of vulnerability
 t - 30 scrolls of identify {@r1}
 u - 23 scrolls of teleportation {@r2}
 x - 12 scrolls of immolation
 B - 6 scrolls of poison
 O - 2 scrolls of enchant weapon
 S - 7 scrolls of fog
 T - a scroll of brand weapon
 U - 3 scrolls of enchant armour
Miscellaneous
 e - a lightning rod (4/4)
 o - a sack of spiders
 p - a phantom mirror
 C - a phial of floods
 P - a condenser vane

Dungeon Overview and Level Annotations

Branches:
Dungeon (15/15)            Temple (1/1) D:6            Lair (5/5) D:8
  Swamp (4/4) Lair:2        Snake (4/4) Lair:3        Slime (0/5) Lair:5
    Orc (2/2) D:10            Elf (3/3) Orc:2        Vaults (5/5) D:13
  Crypt (3/3) Vaults:3       Tomb (0/3) Crypt:3      Depths (4/4) D:15
    Zot (5/5) Depths:4

Altars:
Ashenzari
Cheibriados
Dithmenos
Fedhas
Gozag
Hepliaklqana
Kikubaaqudgha
Makhleb
Nemelex Xobeh
Okawaru
Qazlal
Ru
Sif Muna
Trog
Uskayaw
Vehumet
Wu Jian
Xom
Yredelemnul

Shops:
D:6 [   D:9 [   Orc:2 :[[*   Elf:1 :   Elf:2 =   Elf:3 (   Vaults:1 :=
Vaults:2 ?   Vaults:3 *:[   Vaults:5 [   Zot:5 *   Depths:2 *   Depths:4 =:=

Portals:
Hell: Depths:1 Depths:2 Depths:3 Depths:4
Abyss: Depths:3
Pandemonium: Depths:2 Depths:3
Ziggurat: Depths:2

Annotations:
D:10 1 runed translucent door, DiddlyDoom's ghost, novice MiBe
D:11 3 runed translucent doors, TheBioAlchemist's ghost, journeyman SpEn
D:15 6 transporters
Lair:1 exclusion: 4 oklob plants
Lair:2 1 runed translucent door, Griffin23's ghost, journeyman MiFi
Lair:3 exclusion: oklob plant
Elf:2 3 runed translucent doors
Vaults:4 1 runed translucent door, Chimkentus's ghost, veteran SpEn
Zot:1 2 transporters

,,,,,,,* ▒...........▒ ▒.....
,,,,,,,* ▒▒........†..▒▒ ▒.....
,,,,,,** ▒....[...X..†.▒ ▒▒....
^,,,,** *▒.............▒* ▒▒..^
,,,^** *^........^....[▒ ▒▒..
*********▒▒▒▒▒▒▒▒.▒▒▒▒▒▒▒▒████▒▒▒
******,,.#.....##.W..#####.......
,,,,,,,,.^......§§1W.§...........
,,,,,,,,.......§@§WW§............
,,,,,,,,.......§2§§§§..L.....)#..
,,*****,..###...§§§§........)....
,,,,,,,,,.......§§.2.............
,,,,,,,,.................⌠......<
*******,..####.................^.
*,^,* #..)..........##.##. *,,,*
###...........#.###. *****
#####........## #.


You could see a Brimstone Fiend (summoned, slow, ally target), an Orb Guardian,
a hellion (summoned), a friendly phantasmal warrior (summoned) and a friendly
wraith (summoned).


Message History

Your phantasmal warrior gestures at the Brimstone Fiend.
A dread lich comes into view.
The Brimstone Fiend hits your phantasmal warrior!
The Brimstone Fiend misses your phantasmal warrior.
The Brimstone Fiend hits your phantasmal warrior.
Your wraith hits the Brimstone Fiend!
Your wraith drains the Brimstone Fiend's vigour!
The Brimstone Fiend seems to slow down.
Your phantasmal warrior hits the Brimstone Fiend!!
You hear a snapping sound.
As you read the scroll of fog, it dissolves into smoke.
Your phantasmal warrior hits the Brimstone Fiend!!!
Your wraith hits the Brimstone Fiend.
Your wraith drains the Brimstone Fiend's vigour!
The Brimstone Fiend seems to slow down.
Unknown command.
Unknown command.
You hear an explosion!
Casting: Haunt (mildly dangerous; 1% risk of failure)
Confirm with . or Enter, or press ? or * to list all spells.
You don't know that spell.
Casting: Haunt (mildly dangerous; 1% risk of failure)
Confirm with . or Enter, or press ? or * to list all spells.
Aiming: Passage of Golubria (mildly dangerous; 2% risk of failure)
Press: ? - help, Dir - move target Unknown command.
The Brimstone Fiend gestures at you.
The sphere of damnation explodes!
The damnation engulfs you!!!
You die...
Kikubaaqudgha rasps: You have failed me!
Welcome... oblivion!

Skill      XL: |  1  2  3  4  5  6  7  8  9 10 11 12 13 14 15 16 17 18 19 20 21 22 23 24 25 |
---------------+----------------------------------------------------------------------------+-----
Spellcasting   | 3 4 5 8 9 13 15 16 21 | 21.0
Fighting       | 2 3 5 7 9 10 11 | 11.5
Necromancy     | 5 6 8 10 12 14 15 16 17 21 22 | 22.0
Evocations     | 1 3 5 8 |  8.0
Staves         | 2 3 9 11 | 11.7
Dodging        | 3 4 5 6 8 10 11 | 11.0
Maces & Flails | 3 |  3.4
Axes           | 3 |  3.2
Summonings     | 2 5 7 9 11 12 | 12.0
Translocations | 5 |  5.3
Shields        | 3 5 |  5.0
Armour         | 4 5 |  5.4
Stealth        | 3 |  3.0
Hexes          | 7 14 18 19 | 19.0
Throwing       | 11 13 | 13.5

Action                     |  1- 3 |  4- 6 |  7- 9 | 10-12 | 13-15 | 16-18 | 19-21 | 22-24 | 25-27 || total
---------------------------+-------+-------+-------+-------+-------+-------+-------+-------+-------++-------
  Melee: Staff             |     2 |     6 |     9 |       |     2 |    51 |    79 |    57 |    10 ||   216
         Dagger            |       |       |   144 |    54 |       |       |       |       |       ||   198
         Long sword        |       |       |    24 |    21 |     7 |       |       |       |       ||    52
         Broad axe         |       |       |       |   136 |   173 |       |       |       |       ||   309
         Morningstar       |       |       |       |    18 |       |       |       |       |       ||    18
  Throw: Dart              |       |       |       |     3 |     3 |       |       |       |       ||     6
   Cast: Necrotise         |    61 |   122 |   162 |   135 |     2 |       |       |       |       ||   482
         Vampiric Draining |       |       |    12 |    70 |    17 |       |    13 |     2 |       ||   114
         Animate Dead      |       |       |     3 |    21 |    29 |    16 |    19 |     9 |       ||    97
         Anguish           |       |       |       |    32 |   121 |    12 |    34 |    29 |       ||   228
         Borgnjor's Vile C |       |       |       |       |   142 |    40 |   103 |   130 |    12 ||   427
         Death Channel     |       |       |       |       |    57 |    49 |    42 |    29 |     3 ||   180
         Cigotuvi's Dreadf |       |       |       |       |     1 |       |       |       |       ||     1
         Haunt             |       |       |       |       |    58 |   198 |   211 |   244 |    42 ||   753
         Martyr's Knell    |       |       |       |       |    16 |    43 |    25 |    21 |       ||   105
         Infestation       |       |       |       |       |     2 |    45 |    58 |    96 |     8 ||   209
         Dispel Undead     |       |       |       |       |       |       |    15 |   135 |     5 ||   155
         Discord           |       |       |       |       |       |       |       |    15 |    19 ||    34
         Yara's Violent Un |       |       |       |       |       |       |       |     1 |       ||     1
         Passage of Golubr |       |       |       |       |       |       |       |       |     5 ||     5
 Invoke: Unearth Wretches  |       |       |       |       |     2 |    16 |    14 |     3 |     5 ||    40
         Receive Forbidden |       |       |       |       |     1 |       |       |       |       ||     1
  Evoke: Wand              |       |     2 |    10 |    26 |     1 |       |     3 |    11 |       ||    53
         Condenser vane    |       |       |       |       |       |       |       |     1 |       ||     1
    Use: Scroll            |     2 |     3 |     5 |    13 |     4 |     7 |    10 |     9 |     2 ||    55
   Stab: Paralysed         |       |       |    10 |    15 |     4 |    20 |    23 |     2 |     4 ||    78
         Distracted        |       |       |       |     4 |     8 |     1 |     1 |     1 |       ||    15
         Invisible         |       |       |       |     1 |       |       |       |       |       ||     1
 Armour: Robe              |    18 |       |       |       |       |       |       |       |       ||    18
         Leather armour    |     7 |    28 |   138 |   294 |   246 |   109 |   138 |   299 |    45 ||  1304
  Dodge: Dodged            |    28 |    25 |   148 |   263 |   264 |    65 |    65 |   172 |    19 ||  1049
  Block: Buckler           |       |       |       |       |       |       |    16 |    37 |       ||    53

Levels and vault maps discovered:
D:1:      eino_arrival_cavern_e, layout_basic, hangedman_decor_points,
          hangedman_decor_clover_reticule, minmay_ruptured
D:2:      layout_rooms
D:3:      layout_basic, st_stairs_14, minmay_surrounded, uniq_natasha, uniq_ijyb
D:4:      layout_basic, sigmund_army
D:5:      layout_loops_ring
D:6:      layout_layer_cave, temple_doors_e, serial_shops,
          nicolae_stop_n_shop_2, minmay_nine_imps, uniq_duvessa, uniq_sigmund,
          uniq_jeremiah
D:7:      layout_gridville, uniq_maurice
D:8:      layout_basic, erik_lair_island
D:9:      layout_cross, serial_shops, shop
D:10:     layout_cave_pods, minitemple, orc_0_dummy, ebering_ghost_inner_flame,
          uniq_urug, uniq_maggie, uniq_josephine
D:11:     layout_basic, gammafunk_ghost_hydra_chop, minmay_evil_grid, uniq_snorg
D:12:     layout_irregular_city
D:13:     layout_basic, hellmonk_vaults_order_and_chaos
D:14:     layout_loops_cross
D:15:     gammafunk_enter_depths_forms, layout_loops_cross,
          evilmike_ruin_ashenzari, hellmonk_jugg_or_not
Temple:   nicolae_temple_slightly_damp_pantheon
Lair:1:   layout_cave_shapes, disabler_island, uniq_nergalle
Lair:2:   layout_regular_city, skrybe_swamp_entry_bodies, ebering_ghost_xom,
          dreamdust_gnoll_shepherd
Lair:3:   layout_long_grid, nicolae_snake_entry_squirm, serial_bayou_shore_b,
          grunt_megastairs_3, serial_bayou_shore_a, uniq_amaemon, uniq_rupert
Lair:4:   layout_big_grid, beast_lair_carwin_6
Lair:5:   guppyfry_lair_end_dragon, layout_regular_city, wormcave,
          nicolae_slime_entry_field_trip, lemuel_old_faithful
Swamp:1:  layout_basic_swamp, serial_swamp_ruin, evilmike_swamp_ruin_rubble_2,
          evilmike_swamp_ruin_house_2
Swamp:2:  layout_falls_marsh, evilmike_swamp_ruin_house_3
Swamp:3:  layout_basic_swamp, nicolae_swamp_very_dense_foliage, swamp_pool_4,
          nicolae_swamp_catching_bugs
Swamp:4:  swamp_old_school, layout_basic_swamp, swamp_pool_3
Snake:1:  layout_misc_corridors, uniq_jorgrun
Snake:2:  layout_basic, serial_bayou_shore_b, serial_bayou_shore_b, uniq_vashnia
Snake:3:  layout_cave_town
Snake:4:  johnstein_snake_rune_scales, layout_rooms, basic_altar
Orc:1:    layout_diamond_mine
Orc:2:    st_orc_rangers, layout_caves
Elf:1:    eino_elf_arrival_the_gate, layout_onion_city, serial_shops,
          shop_coins, guppyfry_library_mini, minmay_elf_necromancy
Elf:2:    nicolae_elf_blades_splatter_lattice
          [nicolae_blade_entry_crossed_weapons], layout_geoelf_octagon,
          serial_shops, shop, uniq_louise, uniq_zenata
Elf:3:    minmay_elf_hall_spiked, layout_gridlike, serial_shops,
          nicolae_shop_tiny_glass, grunt_ministairs_8,
          nicolae_elf_blasts_and_bolts, uniq_norris, uniq_bai_suzhen
Vaults:1: nicolae_vaults_closet_pinwheel_4, v_misc_4, hangedman_vaults_maws,
          layout_vaults_quadrants, serial_shops, shop, shop
Vaults:2: grunt_vaults_trifunnel, vaults_room_boxed,
          nicolae_vaults_shelves_hall, nicolae_vaults_closet_pinwheel_3,
          nicolae_vaults_tetromino_L_1, minmay_orc_keep,
          nicolae_vaults_six-pack, v_misc_15, nicolae_vaults_six-pack,
          nicolae_vaults_cochlea, layout_vaults_ring, serial_shops, shop,
          uniq_sojobo
Vaults:3: nicolae_vaults_windows_and_doors_thing,
          minmay_crypt_entry_simple_round, nicolae_vaults_stairing_the_circle,
          nicolae_vaults_little_squares_1, vaults_dpeg_hooks,
          nicolae_vaults_twisting_passages, hangedman_vaults_capsules,
          nicolae_vaults_trapezoid_4, grunt_vaults_hallway_short,
          hangedman_vaults_maws, v_misc_18, grunt_vaults_focal,
          nicolae_vaults_surprise_closet_hard, vaults_room_door_ring,
          layout_vaults_omnicross, serial_shops, shop, nicolae_shop_crystal,
          shop
Vaults:4: hellmonk_ghost_happy_afterlife, hangedman_vaults_trim,
          vaults_mumra_minichess_inversion, v_misc_11, hangedman_vaults_locks,
          vaults_room_pools, nicolae_vaults_trapezoid_lopsided_3,
          nicolae_vaults_ring_of_whatevers, nicolae_vaults_sightless_eye,
          layout_vaults_big_room
Vaults:5
Crypt:1:  layout_basic, lemuel_upstairs_altar, grunt_crypt_arrival_split,
          grunt_megastairs_4, uniq_josephina
Crypt:2:  layout_misc_corridors, lightli_enter_wizlab_magi_temple, uniq_boris
Crypt:3:  church_of_pain_bobbens, layout_chaotic_city, st_stairs_14
Depths:1: layout_cave_pools, hell_entry, bloody_trog
Depths:2: kennysheep_room_grid, layout_basic, enter_ziggurat_f, okawaru_trees_2,
          nicolae_hell_entry_hellmouth_sunbeams, grunt_pan_entry_zigzag,
          guppyfry_shop_blood
Depths:3: minmay_haunted_quarter, layout_honeycomb, rand_demon_pan_entry_1,
          abyss_entry, grunt_hell_entry_dis_grunt, dreamdust_wasp_nest
Depths:4: grunt_zot_entry_gee_three, layout_gridville, hell_entry,
          fedhas_altar_4, minmay_shop_grove, serial_bayou_shore_b, uniq_margery
Zot:1:    hellmonk_paralyzer, layout_twisted_circle, serial_nicolae_subway,
          nicolae_sub_station_stone, nicolae_sub_station_metal,
          nicolae_sub_station_crystal
Zot:2:    layout_gridlike, kennysheep_underground_church, lemuel_elevator
Zot:3:    cheibrodos_frozen_isle, layout_onion_interference,
          regret_index_zotdec_abyssal_contain_seething_sorcery
Zot:4:    layout_misc_corridors, regret_index_zotdec_slimy_original,
          zot_minivault_7, uniq_grunn
Zot:5:    layout_misc_corridors, nicolae_shop_clearance

Notes
Turn   | Place    | Note
-------+----------+-------------------------------------------
     0 | D:1      | Drazool the Mummy Necromancer began the quest for the Orb.
     0 | D:1      | Reached XP level 1. HP: 13/13 MP: 4/4
   267 | D:1      | Reached skill level 3 in Spellcasting
   267 | D:1      | Reached XP level 2. HP: 19/19 MP: 4/6
  1173 | D:2      | Reached skill level 4 in Spellcasting
  1173 | D:2      | Reached XP level 3. HP: 21/25 MP: 3/8
  1220 | D:2      | Learned a level 3 spell: Vampiric Draining
  1277 | D:2      | Reached skill level 1 in Fighting
  1462 | D:2      | Identified the +1 leather armour "Nileur" {rElec Slay+3}
  1854 | D:3      | Reached skill level 2 in Fighting
  1935 | D:3      | Reached XP level 4. HP: 32/33 MP: 7/10
  2015 | D:3      | Noticed a black bear
  2225 | D:3      | Noticed Ijyb
  2275 | D:3      | Killed Ijyb
  2276 | D:3      | Reached skill level 5 in Necromancy
  2428 | D:3      | Reached XP level 5. HP: 36/38 MP: 7/11
  2683 | D:3      | Noticed Natasha
  2689 | D:3      | Killed Natasha
  2841 | D:3      | Noticed Natasha
  2845 | D:3      | Killed Natasha
  2846 | D:3      | Reached skill level 6 in Necromancy
  2913 | D:3      | Noticed Natasha
  2918 | D:3      | Killed Natasha
  3060 | D:3      | Reached skill level 1 in Evocations
  3166 | D:3      | Learned a level 4 spell: Animate Dead
  3627 | D:4      | Reached XP level 6. HP: 43/44 MP: 7/12
  3720 | D:4      | Reached skill level 2 in Evocations
  3853 | D:4      | Reached skill level 1 in Staves
  4558 | D:5      | Entered Level 5 of the Dungeon
  4567 | D:4      | Reached skill level 2 in Staves
  4647 | D:5      | Reached skill level 3 in Evocations
  4647 | D:5      | Reached XP level 7. HP: 49/50 MP: 6/13
  4991 | D:5      | Reached skill level 3 in Staves
  5126 | D:5      | Reached skill level 3 in Fighting
  5362 | D:5      | Reached skill level 5 in Spellcasting
  5362 | D:5      | Reached skill level 2 in Dodging
  5545 | D:5      | Reached skill level 3 in Dodging
  5695 | D:5      | Reached XP level 8. HP: 58/58 MP: 8/15
  6014 | D:6      | Noticed Duvessa
  6018 | D:6      | Noticed Dowan
  6036 | D:6      | Killed Duvessa
  6037 | D:6      | Reached skill level 4 in Dodging
  6040 | D:6      | Killed Dowan
  6259 | D:6      | Noticed Jeremiah
  6293 | D:6      | Killed Jeremiah
  6294 | D:6      | Reached skill level 7 in Necromancy
  6480 | D:6      | Reached skill level 8 in Necromancy
  6499 | D:6      | Reached skill level 4 in Fighting
  6582 | D:6      | Found Kenipliy's Armour Emporium.
  6762 | D:6      | Bought a +2 helmet of see invisible for 258 gold pieces
  6889 | D:6      | Reached skill level 5 in Fighting
  6889 | D:6      | Reached XP level 9. HP: 68/68 MP: 13/16
  7248 | D:6      | Reached skill level 6 in Spellcasting
  7366 | D:6      | Noticed Sigmund
  7376 | D:6      | Killed Sigmund
  7417 | D:6      | Reached skill level 7 in Spellcasting
  7752 | D:6      | Reached skill level 1 in Maces & Flails
  7919 | D:6      | Found a staircase to the Ecumenical Temple.
  7924 | Temple   | Entered the Ecumenical Temple
  8008 | D:7      | Reached skill level 2 in Maces & Flails
  8230 | D:7      | Reached skill level 3 in Maces & Flails
  8509 | D:7      | Reached skill level 8 in Spellcasting
  8777 | D:7      | Noticed Maurice
  8789 | D:7      | Maurice stole a staff of fire {!a}
  8792 | D:7      | Killed Maurice
  8793 | D:7      | Reached skill level 5 in Dodging
  9133 | D:7      | Reached XP level 10. HP: 74/74 MP: 18/22
  9602 | D:8      | Reached skill level 6 in Dodging
  9649 | D:8      | Reached skill level 9 in Necromancy
  9711 | D:8      | Found a staircase to the Lair.
 10609 | D:8      | Reached skill level 10 in Necromancy
 10913 | D:9      | Reached skill level 6 in Fighting
 10924 | D:9      | Identified the +8 broad axe of Abuse {freeze, rF+ Int+5}
 11041 | D:9      | Paralysed by an orc wizard for 2 turns
 11309 | D:9      | Reached skill level 7 in Fighting
 11412 | D:9      | Found Qefratty's Antique Armour Shoppe.
 11450 | D:9      | Paralysed by an orc wizard for 3 turns
 11520 | D:9      | Reached skill level 1 in Axes
 11934 | D:10     | Entered Level 10 of the Dungeon
 11934 | D:10     | Noticed a two-headed ogre
 11944 | D:10     | Killed a two-headed ogre
 11945 | D:10     | Reached skill level 3 in Axes
 12187 | D:10     | Reached XP level 11. HP: 79/84 MP: 13/23
 12379 | D:10     | Found an ancient bone altar of Kikubaaqudgha.
 12380 | D:10     | Found a hazy altar of Hepliaklqana.
 12387 | D:10     | Became a worshipper of Kikubaaqudgha
 12530 | D:10     | Found a runed translucent door.
 12530 | D:10     | Noticed DiddlyDoom's ghost (novice MiBe)
 12549 | D:10     | Found a staircase to the Orcish Mines.
 12568 | D:10     | Noticed Josephine
 12581 | D:10     | Killed Josephine
 12582 | D:10     | Reached skill level 9 in Spellcasting
 12817 | D:10     | Noticed Maggie
 12827 | D:10     | Killed Maggie
 12828 | D:10     | Reached skill level 8 in Fighting
 13043 | D:10     | Noticed Urug
 13124 | Lair:1   | Entered Level 1 of the Lair of Beasts
 13263 | Lair:1   | Noticed Nergalle
 13332 | Lair:1   | Killed Nergalle
 13456 | Lair:1   | Noticed an oklob plant
 13457 | Lair:1   | Noticed an oklob plant
 13726 | Lair:1   | Learned a level 7 spell: Haunt
 13731 | Lair:1   | Learned a level 4 spell: Anguish
 13745 | Lair:1   | Reached skill level 11 in Necromancy
 14075 | Lair:1   | Noticed an oklob plant
 14077 | Lair:1   | Noticed an oklob plant
 14147 | Lair:1   | Reached skill level 12 in Necromancy
 14555 | Lair:1   | Reached skill level 1 in Summonings
 14694 | Lair:1   | Reached skill level 2 in Summonings
 14880 | Lair:1   | Reached skill level 9 in Fighting
 15130 | Lair:1   | Reached * piety under Kikubaaqudgha
 15130 | Lair:1   | Received a gift from Kikubaaqudgha
 15131 | Lair:1   | Reached XP level 12. HP: 95/95 MP: 25/25
 15138 | Lair:1   | Reached skill level 3 in Summonings
 15565 | Lair:2   | Found a staircase to the Swamp.
 15781 | Lair:2   | Reached skill level 4 in Summonings
 15904 | Lair:2   | Noticed an eight-headed hydra
 15915 | Lair:2   | Killed a seven-headed hydra
 15916 | Lair:2   | Reached skill level 10 in Fighting
 16161 | Lair:2   | You fall into a shaft and drop 2 floors!
 16376 | Lair:2   | Found a runed translucent door.
 16378 | Lair:2   | Found a shimmering altar of Xom.
 16378 | Lair:2   | Noticed Griffin23's ghost (journeyman MiFi)
 16389 | Lair:2   | Reached skill level 5 in Summonings
 17080 | Lair:3   | Reached ** piety under Kikubaaqudgha
 17081 | Lair:3   | Reached skill level 13 in Necromancy
 17332 | Lair:3   | Noticed a death yak
 17332 | Lair:3   | Noticed a death yak
 17333 | Lair:3   | Noticed a death yak
 17333 | Lair:3   | Noticed a death yak
 17342 | Lair:3   | Killed a death yak
 17347 | Lair:3   | Killed a death yak
 17348 | Lair:3   | Reached skill level 14 in Necromancy
 17354 | Lair:3   | Killed a death yak
 17368 | Lair:3   | Killed a death yak
 17627 | Lair:3   | Gained mutation: You are strongly in touch with the powers
                  | of death. [Mummy growth]
 17627 | Lair:3   | Reached XP level 13. HP: 97/103 MP: 24/26
 17917 | Lair:3   | Learned a level 2 spell: Cigotuvi's Dreadful Rot
 17928 | Lair:3   | Noticed Rupert
 17938 | Lair:3   | Killed Rupert
 17984 | Lair:3   | Found a staircase to the Snake Pit.
 18371 | Lair:3   | Noticed Amaemon
 18378 | Lair:3   | Killed Amaemon
 18379 | Lair:3   | Reached skill level 15 in Necromancy
 18659 | Lair:4   | Learned a level 5 spell: Borgnjor's Vile Clutch
 18752 | Lair:4   | Identified the +7 mace "Conservator" {flame, rElec}
 18826 | Lair:4   | Reached *** piety under Kikubaaqudgha
 18826 | Lair:4   | Received a gift from Kikubaaqudgha
 19075 | Lair:4   | Reached skill level 10 in Spellcasting
 19082 | Lair:4   | Learned a level 6 spell: Death Channel
 19265 | Lair:5   | Entered Level 5 of the Lair of Beasts
 19319 | Lair:5   | Found a staircase to the Slime Pits.
 19361 | Lair:5   | Reached skill level 11 in Spellcasting
 19361 | Lair:5   | Reached skill level 6 in Summonings
 19589 | Lair:5   | Reached skill level 12 in Spellcasting
 19681 | Lair:5   | Reached **** piety under Kikubaaqudgha
 20253 | Lair:5   | Noticed a fire dragon
 20262 | Lair:5   | Killed a fire dragon
 20264 | Lair:5   | Reached skill level 7 in Summonings
 20523 | Orc:1    | Entered Level 1 of the Orcish Mines
 20529 | Orc:1    | Reached skill level 13 in Spellcasting
 20691 | Orc:1    | Reached ***** piety under Kikubaaqudgha
 20701 | Orc:1    | Reached XP level 14. HP: 110/110 MP: 5/31
 20857 | Orc:2    | Entered Level 2 of the Orcish Mines
 21224 | Orc:2    | Found a staircase to the Elven Halls.
 21542 | Orc:2    | Reached skill level 14 in Spellcasting
 21742 | Orc:2    | Found Reikes's Antique Armour Boutique.
 21742 | Orc:2    | Found Kifrytu's Antique Armour Emporium.
 21744 | Orc:2    | Found Ikemmyamit's Book Shop.
 21766 | Orc:2    | Found Nugil's Assorted Antiques.
 22193 | Orc:1    | Reached skill level 8 in Summonings
 22450 | D:10     | Killed Urug
 22670 | D:10     | Identified the +6 dagger "Narrocza" {flame, rF+}
 22964 | D:11     | Noticed Snorg
 22975 | D:11     | Killed Snorg
 23164 | D:11     | Found a runed translucent gate.
 23164 | D:11     | Found a runed translucent gate.
 23255 | D:11     | Identified the +8 rapier of Pride {freeze, Dex+2}
 23440 | D:11     | Found a runed translucent gate.
 23443 | D:11     | Noticed TheBioAlchemist's ghost (journeyman SpEn)
 23753 | D:11     | Reached skill level 9 in Summonings
 24396 | D:12     | Reached skill level 16 in Necromancy
 25043 | D:6      | Bought a +2 cloak for 198 gold pieces
 25175 | D:11     | Learned a level 4 spell: Martyr's Knell
 25693 | D:13     | Reached ****** piety under Kikubaaqudgha
 25702 | D:13     | Reached skill level 15 in Spellcasting
 26368 | D:13     | Received a gift from Kikubaaqudgha (forbidden knowledge)
 26376 | D:13     | Noticed an ironbound preserver
 26381 | D:13     | Found a gate to the Vaults.
 26382 | D:13     | Killed an ironbound preserver
 26695 | D:14     | Reached XP level 15. HP: 106/115 MP: 24/34
 27620 | D:15     | Entered Level 15 of the Dungeon
 27677 | D:15     | Found a broken altar of Ashenzari.
 27700 | D:15     | Reached skill level 16 in Spellcasting
 27929 | D:15     | Reached skill level 17 in Necromancy
 28238 | D:15     | Found a transporter.
 28240 | D:15     | Found a transporter.
 28240 | D:15     | Found a transporter.
 28240 | D:15     | Found a sparkling altar of Nemelex Xobeh.
 28240 | D:15     | Noticed a juggernaut
 28368 | D:15     | Found a transporter.
 28368 | D:15     | Found a transporter.
 28371 | D:15     | Found a transporter.
 28738 | D:15     | Found a staircase to the Depths.
 28782 | D:15     | Learned a level 8 spell: Infestation
 29107 | Snake:1  | Entered Level 1 of the Snake Pit
 29422 | Snake:1  | Reached skill level 7 in Dodging
 29728 | Snake:1  | Identified a +0 robe of resistance
 29728 | Snake:1  | Noticed Jorgrun
 29734 | Snake:1  | Killed Jorgrun
 29992 | Snake:2  | Reached skill level 8 in Dodging
 30768 | Snake:2  | Noticed Vashnia
 30779 | Snake:2  | Reached XP level 16. HP: 111/122 MP: 21/36
 30782 | Snake:2  | Killed Vashnia
 30783 | Snake:2  | Reached skill level 18 in Necromancy
 31514 | Snake:3  | Reached skill level 19 in Necromancy
 31962 | Snake:4  | Entered Level 4 of the Snake Pit
 32208 | Snake:4  | Reached skill level 20 in Necromancy
 32404 | Snake:4  | Got a serpentine rune of Zot
 33736 | Swamp:1  | Entered Level 1 of the Swamp
 33743 | Swamp:1  | Reached skill level 21 in Necromancy
 33781 | Swamp:1  | Reached XP level 17. HP: 115/128 MP: 3/37
 34217 | Swamp:1  | Reached skill level 17 in Spellcasting
 35010 | Swamp:2  | Reached skill level 18 in Spellcasting
 35673 | Swamp:3  | Reached skill level 19 in Spellcasting
 36389 | Swamp:4  | Entered Level 4 of the Swamp
 36509 | Swamp:4  | Reached skill level 20 in Spellcasting
 36969 | Swamp:4  | Noticed the 27-headed Lernaean hydra
 36997 | Swamp:4  | Killed the 27-headed Lernaean hydra
 37002 | Swamp:4  | Reached skill level 21 in Spellcasting
 37150 | Swamp:4  | Got a decaying rune of Zot
 37151 | Swamp:4  | Upgraded the game from 0.32-a0-685-g93135e86f0 to
                  | 0.32-a0-699-g1ee5eff69a
 37636 | Vaults:1 | Entered Level 1 of the Vaults
 37657 | Vaults:1 | Reached XP level 18. HP: 114/134 MP: 31/43
 37969 | Vaults:1 | Identified the +4 glaive of Vimiel {antimagic, rElec rF++
                  | Dex-5}
 37976 | Vaults:1 | Reached skill level 9 in Dodging
 38251 | Vaults:1 | Reached skill level 10 in Dodging
 38415 | Vaults:1 | Identified the +5 quarterstaff of Starshine {holy, Fly}
 38917 | Vaults:1 | Reached skill level 4 in Staves
 38918 | Vaults:1 | Found Qes Nun's Book Boutique.
 39045 | Vaults:1 | Found Ojon Mie's Jewellery Shoppe.
 39396 | Vaults:2 | Reached skill level 5 in Staves
 39664 | Vaults:2 | Found Xonaceagg's Magic Scroll Shoppe.
 39668 | Vaults:2 | Bought a scroll of blinking for 105 gold pieces
 39701 | Vaults:2 | Reached skill level 6 in Staves
 40264 | Vaults:2 | Reached skill level 7 in Staves
 40426 | Vaults:2 | You fall into a shaft and drop 2 floors!
 40471 | Vaults:3 | Found a staircase to the Crypt.
 40472 | Vaults:3 | Noticed a curse skull
 40594 | Vaults:2 | Noticed Sojobo
 40605 | Vaults:2 | Killed Sojobo
 40606 | Vaults:2 | Reached skill level 8 in Staves
 40616 | Vaults:2 | Your ally Sojobo died
 40985 | Vaults:2 | Reached skill level 9 in Staves
 41107 | Vaults:2 | Reached XP level 19. HP: 140/140 MP: 15/44
 41317 | Vaults:2 | Reached skill level 10 in Staves
 41653 | Vaults:3 | Found Mochuoxo's General Store.
 41660 | Vaults:3 | Found Hisehik's Book Shop.
 41663 | Vaults:3 | Bought a wand of paralysis (5) for 132 gold pieces
 41968 | Vaults:3 | Reached skill level 11 in Staves
 41989 | Vaults:3 | Found Otuh's Armour Shop.
 42256 | Vaults:3 | Learned a level 4 spell: Dispel Undead
 42334 | Vaults:3 | Reached skill level 4 in Evocations
 42479 | Vaults:3 | Killed a curse skull
 42480 | Vaults:3 | Reached skill level 5 in Evocations
 43309 | Orc:2    | Bought Great Wizards, Vol. VII for 360 gold pieces
 43315 | Orc:2    | Learned a level 4 spell: Passage of Golubria
 43678 | Vaults:4 | Reached skill level 1 in Translocations
 43690 | Vaults:4 | Reached skill level 2 in Translocations
 43850 | Vaults:4 | Reached skill level 3 in Translocations
 43889 | Vaults:4 | Found a runed translucent door.
 43889 | Vaults:4 | Noticed Chimkentus's ghost (veteran SpEn)
 44039 | Vaults:4 | Reached skill level 4 in Translocations
 44325 | Vaults:4 | Reached skill level 5 in Translocations
 45124 | Depths:1 | Entered Level 1 of the Depths
 45360 | Depths:1 | Reached skill level 1 in Shields
 45368 | Depths:1 | Reached skill level 2 in Shields
 45450 | Depths:1 | Reached skill level 3 in Shields
 45460 | Depths:1 | Reached XP level 20. HP: 147/147 MP: 44/45
 45660 | Depths:1 | Reached skill level 4 in Shields
 45971 | Depths:1 | Noticed a juggernaut
 45994 | Depths:1 | Reached skill level 5 in Shields
 46052 | Depths:1 | Found a gateway to Hell.
 46264 | Depths:1 | Found a bloodstained altar of Trog.
 46307 | Depths:2 | Found a one-way gateway to a ziggurat.
 46323 | Depths:2 | Reached skill level 6 in Evocations
 46635 | Depths:2 | Found an iron altar of Okawaru.
 46646 | Depths:2 | Reached skill level 7 in Evocations
 46755 | Depths:2 | Noticed a caustic shrike
 46762 | Depths:2 | Killed a caustic shrike
 46819 | Depths:2 | Noticed a caustic shrike
 46832 | Depths:2 | Killed a caustic shrike
 46887 | Depths:2 | Found a one-way gate leading to the halls of Pandemonium.
 46984 | Depths:2 | Reached skill level 8 in Evocations
 46990 | Depths:2 | Reached skill level 1 in Armour
 47007 | Depths:2 | Noticed a caustic shrike
 47010 | Depths:2 | Reached skill level 2 in Armour
 47012 | Depths:2 | Killed a caustic shrike
 47022 | Depths:2 | Reached skill level 3 in Armour
 47252 | Depths:2 | Found Patac's Blood Bar.
 47263 | Depths:2 | Reached skill level 4 in Armour
 47433 | Depths:2 | Noticed a caustic shrike
 47442 | Depths:2 | Killed a caustic shrike
 48279 | Depths:3 | Noticed a golden dragon
 48285 | Depths:3 | Killed a golden dragon
 48555 | Depths:3 | Reached skill level 10 in Summonings
 49074 | Depths:3 | Reached skill level 11 in Summonings
 49087 | Depths:3 | Reached XP level 21. HP: 148/153 MP: 37/46
 49230 | Depths:3 | Found a one-way gate to the infinite horrors of the Abyss.
 49841 | Depths:4 | Entered Level 4 of the Depths
 49872 | Depths:4 | Found Nuarow's Jewellery Shoppe.
 49876 | Depths:4 | Found Yruxkot's Book Shop.
 49877 | Depths:4 | Found Olyvecix's Jewellery Shoppe.
 49913 | Depths:4 | Bought the amulet "Riedos" {Fly Will+ RegenMP+ Int+3} for
                  | 1020 gold pieces
 50242 | Depths:4 | Upgraded the game from 0.32-a0-699-g1ee5eff69a to
                  | 0.32-a0-705-g60f233581c
 50263 | Depths:4 | Reached skill level 12 in Summonings
 50504 | Depths:4 | Reached skill level 22 in Necromancy
 50614 | Depths:4 | Noticed a golden dragon
 50624 | Depths:4 | Killed a golden dragon
 50801 | Depths:4 | Reached skill level 11 in Dodging
 50807 | Depths:4 | Reached skill level 2 in Stealth
 50983 | Depths:4 | Found a blossoming altar of Fedhas.
 51114 | Depths:4 | Found a gate to the Realm of Zot.
 51674 | Elf:1    | Entered Level 1 of the Elven Halls
 51884 | Elf:1    | Reached skill level 3 in Stealth
 51909 | Elf:1    | Reached skill level 5 in Armour
 52009 | Elf:1    | Found Hudweq's Book Emporium.
 52071 | Elf:1    | Bought the Unrestrained Analects for 704 gold pieces
 52139 | Elf:1    | Reached skill level 1 in Hexes
 52311 | Elf:1    | Reached skill level 2 in Hexes
 52828 | Elf:1    | Reached skill level 3 in Hexes
 52840 | Elf:1    | Learned a level 8 spell: Discord
 52968 | Elf:1    | Reached skill level 4 in Hexes
 53401 | Elf:2    | Found Nomestav's Jewellery Shoppe.
 53449 | Elf:2    | Reached skill level 5 in Hexes
 53793 | Elf:2    | Found a runed translucent gate.
 53793 | Elf:2    | Found a runed translucent gate.
 53796 | Elf:2    | Found a runed translucent gate.
 53996 | Elf:3    | Entered Level 3 of the Elven Halls
 54010 | Elf:3    | Reached skill level 6 in Hexes
 54118 | Elf:3    | Noticed Bai Suzhen
 54148 | Elf:3    | Killed Bai Suzhen
 54251 | Elf:3    | Reached skill level 7 in Hexes
 54262 | Elf:3    | Found the +8 trishula "Condemnation" {holy, anguish, *Noise
                  | Fly rN+}
 54564 | Elf:3    | Reached XP level 22. HP: 156/159 MP: 47/47
 54627 | Elf:3    | Found Veopla's Antique Weapon Boutique.
 54688 | Elf:3    | Reached skill level 8 in Hexes
 55129 | Elf:3    | Identified the +6 executioner's axe of World's End {flame,
                  | +Blink Int+3}
 55129 | Elf:3    | Identified a +2 robe of resistance
 55134 | Elf:3    | Noticed Norris
 55698 | Elf:3    | Reached skill level 9 in Hexes
 56073 | Elf:3    | Identified the +11 great mace "Heytyun" {elec, Str+5}
 56179 | Elf:3    | Reached skill level 10 in Hexes
 56345 | Elf:3    | Identified the ring of Kuli {rElec AC+4 Int+3 Dex+3}
 56376 | Elf:3    | Identified the +12 lajatang of Arphaq {drain, rElec}
 56380 | Elf:3    | Killed Norris
 56478 | Elf:3    | Identified the +1 spear of Ascent {chaos, rC+ rN+ Stlth+}
 56521 | Elf:3    | Identified the staff "Feoc" {rElec Int+5 Dex-5 Air}
 56610 | Elf:3    | Identified the +5 longbow of the Warrior-Mage {freeze,
                  | rPois rN+ MP+9}
 56663 | Elf:3    | Upgraded the game from 0.32-a0-705-g60f233581c to
                  | 0.32-a0-711-g016ad743e0
 57051 | Vaults:5 | Entered Level 5 of the Vaults
 57100 | Vaults:5 | Reached skill level 11 in Hexes
 57531 | Vaults:5 | Reached skill level 12 in Hexes
 57763 | Vaults:5 | Identified the +6 orcbow of Fortitude {drain, rPois Str+3}
 57772 | Vaults:5 | Reached skill level 13 in Hexes
 57890 | Vaults:5 | Noticed an ancient lich
 57899 | Vaults:5 | Killed an ancient lich
 58406 | Vaults:5 | Reached skill level 14 in Hexes
 58717 | Vaults:5 | Reached XP level 23. HP: 165/165 MP: 26/48
 58779 | Vaults:5 | Reached skill level 15 in Hexes
 58995 | Vaults:5 | Identified the +7 arbalest of Golden Prudence {penet, MP+9}
 58995 | Vaults:5 | Identified the +11 long sword of Massacring {pain, rN+
                  | Str+4 Int+2 Dex-4}
 58995 | Vaults:5 | Identified the +5 plate armour of Restlessness {rC+ rN+}
 58995 | Vaults:5 | Identified the amulet "Orcheiff" {Reflect rPois Dex+3 SH+5}
 59218 | Vaults:5 | Found Meduokkyin's Antique Armour Shoppe.
 59230 | Vaults:5 | Bought a heavily runed helmet for 266 gold pieces
 59230 | Vaults:5 | Identified the +0 helmet of the Seven Seers {*Slow +Blink
                  | Dex+4 Slay+3} (You bought it in a shop on level 5 of the
                  | Vaults)
 59230 | Vaults:5 | Bought a glowing helmet for 210 gold pieces
 59290 | Vaults:5 | Got a silver rune of Zot
 59309 | Vaults:5 | Identified the +2 hand axe "Impslayer" {venom, rF+ rN+
                  | Int+3}
 59633 | Vaults:5 | Noticed an ancient lich
 59652 | Vaults:5 | Killed an ancient lich
 59804 | Vaults:5 | Identified the +6 war axe of Joyful Slaughter {venom,
                  | Dex+3}
 59804 | Vaults:5 | Identified the +2 orcbow of Guile {flame, rF- Str+4 Dex+2}
 59827 | Vaults:5 | Reached skill level 16 in Hexes
 60687 | Zot:1    | Entered Level 1 of the Realm of Zot
 61480 | Zot:1    | Found a transporter.
 61552 | Zot:1    | Found a transporter.
 61585 | Zot:1    | Reached skill level 17 in Hexes
 61693 | Zot:1    | Noticed a dread lich
 61732 | Zot:1    | Killed a dread lich
 61783 | Zot:3    | Upgraded the game from 0.32-a0-711-g016ad743e0 to
                  | 0.32-a0-768-g0f6f1dd4b9
 61923 | Zot:4    | Noticed a Killer Klown
 61923 | Zot:4    | Noticed a curse toe
 62155 | Zot:4    | Noticed Grunn
 62324 | Zot:4    | Killed a curse toe
 62324 | Zot:4    | Killed Grunn
 62331 | Zot:4    | Reached skill level 18 in Hexes
 62441 | Zot:5    | Entered Level 5 of the Realm of Zot
 62501 | Zot:5    | Noticed an orb of fire
 63216 | Zot:4    | Killed a Killer Klown
 63324 | Zot:4    | Noticed an electric golem
 63343 | Zot:4    | Killed an electric golem
 63482 | Zot:5    | Found Qumoh's CLEARANCE SALE!.
 63958 | Zot:5    | Noticed a curse toe
 63967 | Zot:4    | Reached XP level 24. HP: 151/172 MP: 43/48
 64015 | Zot:5    | Killed a curse toe
 64038 | Zot:5    | Reached skill level 19 in Hexes
 64522 | Crypt:1  | Entered Level 1 of the Crypt
 64529 | Crypt:1  | Learned a level 5 spell: Yara's Violent Unravelling
 64676 | Crypt:1  | Noticed a curse skull
 64678 | Crypt:1  | Killed a curse skull
 64989 | Crypt:1  | Reached skill level 11 in Fighting
 65551 | Crypt:2  | Reached skill level 1 in Throwing
 65640 | Crypt:2  | Found a magical portal.
 65642 | Crypt:2  | Reached skill level 2 in Throwing
 66700 | Crypt:2  | Reached skill level 3 in Throwing
 66905 | Crypt:2  | Identified the +3 robe of Tempters {Str+3 Archmagi}
 66905 | Crypt:2  | Noticed Boris
 66913 | Crypt:2  | Killed Boris
 66981 | Crypt:2  | Reached skill level 4 in Throwing
 67394 | Crypt:1  | Found an ancient bone altar of Kikubaaqudgha.
 67433 | Crypt:3  | Entered Level 3 of the Crypt
 67435 | Crypt:3  | Identified the +2 robe of Disappointment {-Tele rF+ Int+4}
 67435 | Crypt:3  | Noticed Boris
 67443 | Crypt:2  | Killed Boris
 67444 | Crypt:2  | Reached skill level 5 in Throwing
 67927 | Crypt:3  | Reached skill level 6 in Throwing
 67973 | Crypt:3  | Reached skill level 7 in Throwing
 68094 | Crypt:3  | Found an ancient bone altar of Kikubaaqudgha.
 68253 | Crypt:3  | Identified the staff of an ossuary {rElec rC+ rN++ Dex+5
                  | Ice}
 68376 | Crypt:3  | Identified the ring of Usmeoba {rPois rC+ rN++}
 68376 | Crypt:3  | Identified the amulet "Biess" {+Blink rElec Regen+ RegenMP+
                  | Dex+2 Stlth-}
 68376 | Crypt:3  | Identified the ring "Ittu" {rPois rC+ rN++ Str+3}
 68426 | Crypt:3  | Reached skill level 8 in Throwing
 68596 | Crypt:3  | Reached skill level 9 in Throwing
 68662 | Crypt:3  | Found a staircase to the Tomb.
 69167 | Crypt:3  | Reached skill level 10 in Throwing
 70655 | Zot:5    | Killed an orb of fire
 70773 | Zot:5    | Reached skill level 11 in Throwing
 70773 | Zot:5    | Reached XP level 25. HP: 143/182 MP: 7/48
 71110 | Zot:5    | Noticed a dread lich
 71120 | Zot:5    | Killed a dread lich
 71227 | Zot:5    | Noticed an orb of fire
 71486 | Zot:5    | Killed an orb of fire
 71487 | Zot:5    | Reached skill level 12 in Throwing
 71579 | Zot:5    | Noticed an ancient lich
 71713 | Zot:5    | Killed an ancient lich
 71933 | Zot:5    | Noticed an ancient lich
 71935 | Zot:5    | Noticed an electric golem
 71951 | Zot:5    | Killed an ancient lich
 71979 | Zot:5    | Noticed an electric golem
 71980 | Zot:5    | Reached skill level 13 in Throwing
 71985 | Zot:5    | Killed an ancient lich
 72000 | Zot:5    | Killed an electric golem
 72342 | Zot:5    | Noticed a Killer Klown
 72443 | Zot:5    | Killed a Killer Klown
 72473 | Zot:5    | Killed an electric golem
 72484 | Zot:5    | Noticed an orb of fire
 72516 | Zot:5    | HP: 14/182 [hellion/damnation[a dread lich] (19)]
 72517 | Zot:5    | Noticed a dread lich
 72523 | Zot:5    | Killed from afar by a Brimstone Fiend

Vanquished Creatures
  A dread lich (Zot:1)
  3 ancient liches
  A juggernaut (Depths:1)
  Boris (twice) (Crypt:2)
  Sojobo (Vaults:2)
  Bai Suzhen (Elf:3)
  A Killer Klown (Zot:4)
  Vashnia (Snake:2)
  2 curse toes
  3 caustic shrikes (Depths:2)
  A doom hound (Zot:4)
  2 Orb Guardians (Zot:5)
  Grunn (Zot:4)
  A lich (Vaults:5)
  3 quicksilver dragons
  A titan (Vaults:5)
  A deep elf blademaster (Elf:3)
  2 ancient champions (Crypt:2)
  A death cob (Zot:1)
  A revenant (Crypt:1)
  2 storm dragons
  A fenstrider witch (Swamp:4)
  A tengu reaver (Vaults:2)
  A nagaraja (Snake:4)
  A draconian knight (Zot:1)
  A draconian shifter (Zot:4)
  An iron dragon (Depths:3)
  2 deep elf sorcerers (Elf:3)
  A caustic shrike zombie (Crypt:3)
  A draconian stormcaller (Zot:3)
  3 vault wardens
  3 frost giants
  2 curse skulls
  3 ghouls (Crypt:1)
  A deep elf elementalist (Elf:1)
  3 ironbound preservers
  6 stone giants
  5 very ugly things (Depths:2)
  An ironbound thunderhulk (Vaults:3)
  18 vampire knights
  A white draconian (Zot:1)
  A deep elf demonologist (Elf:3)
  2 deep elf death magi
  A black draconian (Depths:4)
  3 dire elephants
  2 yellow draconians (Zot:5)
  4 spark wasps (Depths:3)
  4 eidola
  2 purple draconians
  Snorg (D:11)
  5 jiangshi
  3 ettins
  A great orb of eyes (Vaults:2)
  2 fire dragons
  A deep elf high priest (Elf:3)
  4 yaktaur captains
  A rakshasa (Depths:2)
  3 spriggan zombies (Crypt:3)
  3 ice dragons
  An ironbound frostheart (Vaults:1)
  4 hydras
  A vault guard (Vaults:5)
  3 centaur warriors
  An anaconda (Snake:2)
  A boulder beetle (Vaults:2)
  5 dancing weapons
  A deep troll shaman (Depths:1)
  9 two-headed ogres
  An occultist (D:15)
  9 vampire magi
  A naga warrior (Snake:3)
  Urug (D:10)
  3 deep elf knights
  Amaemon (Lair:3)
  4 naga sharpshooters
  Nergalle (Lair:1)
  A skyshark (Lair:2)
  2 hell knights
  A titan skeleton (Crypt:3)
  A flayed ghost (Crypt:3)
  4 death drakes
  2 goliath frogs
  An anaconda zombie (Crypt:3)
  13 skeletal warriors
  A bog body (Lair:2)
  4 deep trolls
  2 arcanists
  A swamp dragon (Swamp:3)
  2 ironbound convokers (Vaults:3)
  A glowing orange brain (shapeshifter) (Vaults:2)
  12 phantasmal warriors
  A deep elf archer (Vaults:3)
  6 deep elf pyromancers
  7 deep elf zephyrmancers
  2 harpies
  3 orc knights
  An orc sorcerer (Vaults:2)
  2 cyclopes
  11 ugly things
  8 elephants
  2 manticores
  Maurice (D:7)
  3 moths of wrath
  4 nameless horrors
  4 black mambas
  2 kobold blastminers (Orc:1)
  A gargoyle (D:12)
  4 cane toads
  A dire elephant zombie (Crypt:3)
  Maggie (D:10)
  A naga mage (Snake:4)
  A green draconian zombie (Crypt:2)
  An orange demon (Lair:3)
  5 unseen horrors
  A yellow draconian zombie (Crypt:3)
  2 rime drakes
  A kobold demonologist (D:11)
  Jeremiah (D:6)
  3 yaktaurs
  6 komodo dragons
  An anaconda simulacrum (Crypt:3)
  A polar bear (shapeshifter) (D:11)
  A harpy zombie (Crypt:3)
  7 trolls
  A freezing wraith (Crypt:2)
  3 hornets
  2 polar bears
  6 blink frogs
  2 slime creatures (D:13)
  An ettin skeleton (Crypt:2)
  Sigmund (D:6)
  2 wyverns
  7 wraiths
  23 yaks
  A water elemental (Elf:3)
  4 basilisks
  3 steam dragons
  2 wargs (Orc:2)
  A swamp worm (Swamp:4)
  6 nagas
  An acid dragon (Lair:5)
  Duvessa (D:6)
  9 water moccasins
  11 orc warriors
  A demonspawn skeleton (Crypt:2)
  4 laughing skulls
  3 black bears
  An ice beast (D:5)
  6 ogres
  4 wolves
  6 centaurs
  5 bullfrogs
  3 kobold brigands
  7 scorpions
  5 wights (D:8)
  Dowan (D:6)
  5 killer bees (D:10)
  2 electric eels (D:8)
  4 howler monkeys
  A bombardier beetle (D:4)
  7 crimson imps (D:6)
  14 orc priests
  5 jellies
  3 sleepcaps
  2 gnoll boudas
  5 hounds
  A scorpion zombie (Crypt:1)
  Ijyb (D:3)
  Natasha (thrice) (D:3)
  4 iguanas
  15 orc wizards
  12 adders
  4 gnolls
  A shadow imp (D:7)
  2 white imps (D:6)
  3 dart slugs
  A ribbon worm (D:3)
  27 orcs
  5 endoplasms
  4 giant cockroaches
  6 goblins
  3 hobgoblins
  6 jackals
  5 quokkas
  4 ball pythons
  6 bats
  2 frilled lizards (D:3)
  23 kobolds
  5 rats
646 creatures vanquished.

Vanquished Creatures (collateral kills)
  A dread lich (Zot:5)
  2 ancient liches (Zot:5)
  2 orbs of fire (Zot:5)
  A Killer Klown (Zot:5)
  the Lernaean hydra (Swamp:4)
  A caustic shrike (Depths:2)
  5 golden dragons
  Norris (Elf:3)
  A doom hound (Zot:4)
  3 electric golems
  Rupert (Lair:3)
  Jorgrun (Snake:1)
  9 tentacled monstrosities
  8 titans
  3 liches
  8 Orb Guardians (Zot:5)
  A deep elf master archer (Elf:3)
  A walking divine tome (Depths:3)
  8 quicksilver dragons
  A sphinx (Zot:1)
  4 death cobs
  2 ancient champions (Crypt:3)
  11 storm dragons
  A thorn hunter (Swamp:1)
  9 shadow dragons
  A revenant (Crypt:1)
  5 tengu reavers
  5 nagarajas
  3 draconian knights
  A fire giant (Depths:1)
  2 draconian monks
  7 deep elf sorcerers (Elf:3)
  13 vault wardens
  6 frost giants
  3 draconian scorchers
  7 deep elf elementalists
  A juggernaut zombie (Crypt:3)
  A draconian stormcaller (Zot:1)
  6 draconian annihilators
  2 orc warlords
  3 formless jellyfish
  6 ghouls
  4 spriggan defenders
  6 ironbound thunderhulks
  18 ironbound preservers
  14 very ugly things
  10 vampire knights
  18 stone giants
  2 black draconians (Zot:5)
  6 deep elf demonologists
  4 green draconians
  6 eleionomae
  9 deep elf annihilators
  3 yellow draconians (Depths:4)
  6 deep elf death magi
  5 red draconians
  3 purple draconians
  3 war gargoyles
  15 dire elephants
  8 white draconians
  4 bunyips
  4 spark wasps
  3 eidola
  6 jiangshi
  7 ettins
  4 fire dragons
  5 deep elf high priests
  2 quicksilver dragon zombies
  2 entropy weavers
  16 yaktaur captains
  2 shambling mangroves
  Josephine (D:10)
  3 ice dragons
  A spriggan zombie (Crypt:3)
  A peacekeeper (Vaults:3)
  8 great orbs of eyes
  3 rakshasas
  24 vault guards (Vaults:5)
  2 ogre magi
  2 salamander tyrants
  A ghost crab (Swamp:3)
  13 hydras
  4 ironbound frosthearts
  A catoblepas (D:15)
  A death knight (Crypt:1)
  7 centaur warriors
  A spriggan skeleton (Crypt:3)
  13 alligators
  7 anacondas
  3 spriggan air magi
  9 nameless horrors
  A deep troll shaman (Depths:4)
  2 torpor snails (shapeshifter) (Vaults:5)
  10 dancing weapons
  4 naga warriors
  6 spriggan berserkers
  6 vampire magi
  8 death yaks
  3 deep troll earth magi
  A soul eater (Crypt:1)
  5 shock serpents
  6 tengu warriors
  3 occultists
  16 naga sharpshooters
  8 sun demons
  4 skysharks (Elf:3)
  8 deep elf knights
  A titan skeleton (Crypt:1)
  5 goliath frogs
  2 iron trolls (Depths:2)
  27 skeletal warriors
  5 hell knights
  2 shadow wraiths (Crypt:3)
  A storm dragon skeleton (Crypt:1)
  2 spriggan druids
  45 deep trolls
  3 salamander mystics
  2 arcanists
  A glowing orange brain (shapeshifter) (D:15)
  5 mana vipers
  An iron giant skeleton (Crypt:1)
  15 swamp dragons
  4 deep elf archers
  10 naga ritualists
  3 spriggan riders
  4 glowing orange brains
  A golden dragon zombie (Crypt:3)
  6 flayed ghosts
  11 ironbound convokers
  9 bog bodies
  7 orc knights
  5 necromancers
  2 thermic dynamos (Elf:3)
  A faun (shapeshifter) (Vaults:2)
  9 phantasmal warriors
  A human zombie (Crypt:1)
  14 deep elf zephyrmancers
  A broodmother zombie (Crypt:2)
  7 lindwurms
  5 cyclopes
  19 deep elf pyromancers
  17 moths of wrath
  13 ugly things
  4 will-o-the-wisps
  A manticore (shapeshifter) (Vaults:5)
  2 shining eyes (Depths:2)
  16 salamanders
  A manticore (D:15)
  An orc sorcerer (Vaults:2)
  An eye of devastation (shapeshifter) (Vaults:5)
  A kobold blastminer (Orc:2)
  A rust devil (Depths:2)
  30 black mambas
  An alligator skeleton (Crypt:3)
  A naga zombie (Crypt:3)
  4 guardian serpents
  13 vault sentinels
  2 cane toads
  4 elephants
  11 naga magi
  2 alligator snapping turtle zombies
  2 torpor snails
  An ice statue (Zot:3)
  A rime drake (Lair:5)
  A large abomination (Elf:1)
  A dire elephant skeleton (Crypt:2)
  3 komodo dragons
  A swamp worm zombie (Crypt:2)
  30 yaktaurs
  A black draconian zombie (Crypt:1)
  An efreet (D:15)
  A hellion (Depths:2)
  2 freezing wraiths
  A polar bear (Lair:5)
  A pale draconian skeleton (Crypt:3)
  2 bloated husks
  A harpy zombie (Crypt:3)
  7 tyrant leeches
  12 hornets
  A glass eye (Depths:3)
  A harpy skeleton (Crypt:2)
  27 slime creatures
  8 spriggans
  2 centaur simulacra
  A shadow (D:11)
  7 wraiths
  8 water elementals
  8 yaks
  A fire elemental (Elf:1)
  A slime creature zombie (Vaults:3)
  3 wargs (Orc:2)
  A black mamba skeleton (Crypt:1)
  A redback (shapeshifter) (Vaults:5)
  23 vampire mosquitoes
  3 redbacks (Vaults:4)
  A harpy simulacrum (D:15)
  3 steam dragons
  15 swamp worms
  21 nagas
  A glowing shapeshifter zombie (Crypt:1)
  A hell hound (Depths:2)
  4 water moccasins
  A faun skeleton (Crypt:3)
  5 orc warriors
  A black bear (Lair:1)
  10 swamp drakes
  10 laughing skulls
  2 ogres
  4 boggarts (Vaults:3)
  2 wolves (Lair:5)
  A blink frog zombie (Crypt:1)
  9 centaurs
  A dream sheep skeleton (Crypt:2)
  A blink frog skeleton (Crypt:3)
  3 elf zombies (Elf:1)
  A kobold brigand (D:8)
  5 bullfrogs
  2 earth elementals
  A wight (D:8)
  A troll zombie (Crypt:1)
  2 killer bees (D:10)
  An electric eel (Lair:3)
  A centaur zombie (D:13)
  2 orc priests
  2 jellies (Lair:5)
  A hound (D:8)
  3 iguanas (Lair:5)
  An iguana (shapeshifter) (Elf:1)
  An orc wizard (Orc:2)
  A howler monkey skeleton (Crypt:1)
  A white imp (D:8)
  An adder zombie (Crypt:2)
  9 orcs
  An endoplasm (D:2)
  A goblin (D:1)
  A frilled lizard (D:3)
  4 kobolds
1215 creatures vanquished.

Vanquished Creatures (others)
  A deep elf blademaster (Elf:3)
  A quicksilver dragon (Zot:5)
  A tengu reaver (Depths:3)
  A storm dragon (Zot:5)
  A draconian monk (Zot:5)
  2 fenstrider witches (Swamp:2)
  2 draconian knights
  3 frost giants
  4 vault wardens
  2 orc warlords (Vaults:2)
  2 caustic shrike zombies (Depths:2)
  3 stone giants
  6 ironbound preservers
  A vampire knight (Crypt:3)
  6 very ugly things
  A dire elephant (Vaults:4)
  2 green draconians
  A deep elf annihilator (Elf:3)
  An eleionoma (Swamp:3)
  A bunyip (Swamp:4)
  A purple draconian (Zot:5)
  A white draconian (Zot:3)
  2 red draconians
  6 very ugly thing zombies
  A spark wasp (Depths:3)
  3 ettins
  2 fire dragons
  2 yaktaur captains (Vaults:5)
  A jiangshi (Crypt:3)
  A vault guard (Vaults:5)
  3 hydras
  A great orb of eyes (Vaults:2)
  3 ice dragons
  A spriggan air mage (Swamp:2)
  A boulder beetle (D:12)
  3 centaur warriors
  An anaconda (Snake:1)
  An alligator (Swamp:3)
  A death yak (Lair:3)
  A tengu warrior (Depths:1)
  A deep troll earth mage (Vaults:5)
  A spriggan berserker (Swamp:4)
  A deep troll shaman (Depths:1)
  3 shock serpents
  A naga warrior (Snake:2)
  A naga sharpshooter (Snake:2)
  A titan zombie (Vaults:5)
  3 deep elf knights
  A hell knight (Depths:1)
  3 tengu zombies (Vaults:2)
  A shadow wraith (Crypt:3)
  A skeletal warrior (D:11)
  2 goliath frogs
  A spriggan rider (Swamp:2)
  A death drake (Swamp:3)
  A deep elf archer (Elf:3)
  5 deep trolls
  5 ironbound convokers
  An anaconda zombie (Snake:2)
  A phantasmal warrior (Crypt:3)
  A shadow dragon zombie (Vaults:5)
  A swamp dragon (Swamp:4)
  A lindwurm (Vaults:4)
  6 orc knights
  2 necromancers
  5 stone giant zombies
  3 deep elf pyromancers
  A goliath frog zombie (Swamp:4)
  2 ugly thing zombies
  2 ugly things
  A deep elf zephyrmancer (Vaults:3)
  A frost giant zombie (Depths:3)
  2 orc sorcerers
  2 dire elephant zombies
  2 manticores
  4 kobold blastminers
  An elephant (Lair:1)
  3 moths of wrath
  2 shock serpent zombies
  A guardian serpent (shapeshifter) (D:13)
  A vault sentinel (Vaults:2)
  6 black mambas
  3 cane toads
  A mana viper zombie (Snake:3)
  A catoblepas zombie (D:15)
  3 gargoyles
  A swamp worm zombie (Swamp:4)
  A yellow draconian zombie (Depths:4)
  A white draconian zombie (Depths:4)
  2 yaktaurs
  An efreet (D:14)
  A green draconian zombie (Depths:4)
  5 komodo dragons
  2 rime drakes (Lair:5)
  A polar bear (Lair:4)
  3 hydra zombies
  6 deep troll zombies
  2 blink frogs (Lair:5)
  An ice dragon zombie (Depths:3)
  4 ettin zombies
  A fire dragon zombie (Depths:4)
  A jumping spider (Vaults:3)
  6 black mamba zombies
  3 slime creature zombies
  A tyrant leech zombie (Swamp:4)
  A wraith (Crypt:3)
  A steam dragon (Lair:3)
  3 nagas
  A water moccasin (Lair:1)
  A skyshark zombie (Lair:2)
  2 cane toad zombies (Lair:5)
  2 two-headed ogre zombies
  A swamp drake (Swamp:2)
  11 orc warriors (Orc:2)
  7 elephant zombies
  2 hornet zombies
  An ogre (Orc:2)
  A wolf (Lair:5)
  A boggart (Vaults:3)
  20 elf zombies
  A centaur (Orc:2)
  2 rime drake zombies
  14 human zombies
  3 salamander zombies (Snake:4)
  3 komodo dragon zombies
  6 yaktaur zombies
  8 kobold zombies
  A cyclops zombie (D:14)
  2 warg zombies (Orc:2)
  4 water moccasin zombies
  15 yak zombies
  8 naga zombies
  A troll zombie (D:10)
  3 spriggan zombies
  A polar bear zombie (Lair:3)
  A wolf zombie (D:8)
  2 bullfrog zombies
  13 centaur zombies
  An iguana (Lair:5)
  A scorpion zombie (D:6)
  3 ogre zombies
  2 hound zombies (D:8)
  2 swamp drake zombies
  A steam dragon zombie (D:9)
  An iguana zombie (Lair:5)
  2 jelly zombies (Lair:5)
  31 orc zombies
  4 orcs
  2 gnoll zombies (D:8)
  3 kobolds
  7 foxfires
417 creatures vanquished.

Grand Total: 2278 creatures vanquished

Table legend: (Time is in decaauts)
 A = Elapsed time spent in this place.
 B = Non-inter-level travel time spent in this place.
 C = Inter-level travel time spent in this place.
 D = Time resting spent in this place.
 E = Time spent auto-exploring this place.
 F = Levels seen in this place.
 G = Mean time per level.
                   A        B        C        D        E       F      G
               +--------+--------+--------+--------+--------+-----+--------+
         Total |  73126 |  65270 |   7856 |  12639 |  36260 |  51 | 1433.8 |
       Dungeon |  21955 |  18582 |   3373 |   2708 |  12067 |  15 | 1463.7 |
        Temple |      7 |      3 |      4 |      0 |      0 |   1 |    7.0 |
          Lair |   7698 |   7180 |    518 |   1490 |   4231 |   5 | 1539.6 |
         Swamp |   3948 |   3694 |    254 |    363 |   2257 |   4 |  987.0 |
     Snake Pit |   4549 |   4254 |    295 |    852 |   2416 |   4 | 1137.2 |
  Orcish Mines |   2192 |   1890 |    302 |    288 |   1157 |   2 | 1096.0 |
   Elven Halls |   5505 |   4880 |    625 |    914 |   2628 |   3 | 1835.0 |
        Vaults |  10966 |   9576 |   1390 |   1033 |   5361 |   5 | 2193.2 |
         Crypt |   4383 |   4020 |    363 |    545 |   2553 |   3 | 1461.0 |
        Depths |   6946 |   6416 |    530 |   1399 |   3588 |   4 | 1736.5 |
           Zot |   4971 |   4774 |    197 |   3047 |      0 |   5 |  994.2 |
               +--------+--------+--------+--------+--------+-----+--------+

Top non-repeatable levels by time:
Vaults:5: 3302 daAuts
   Elf:3: 2914 daAuts
  Lair:1: 2557 daAuts
Vaults:1: 2382 daAuts
Vaults:2: 2218 daAuts
Depths:4: 2180 daAuts
     D:6: 2144 daAuts
   Zot:4: 2117 daAuts
    D:10: 2008 daAuts
 Crypt:3: 1935 daAuts
   Elf:1: 1934 daAuts
Vaults:3: 1912 daAuts
     D:8: 1893 daAuts
    D:11: 1847 daAuts
    D:15: 1845 daAuts

Table legend:
 A = Non-vault XP
 B = Vault XP
 C = Vault XP percentage of total XP
 D = Non-vault monster count
 E = Vault monster count
 F = Vault count percentage of total count
                 A         B        C        D         E       F
            +---------+---------+-------+---------+---------+-------
      Total |  651463 |  563740 |  46.4 |    1220 |     675 |  35.6
            +---------+---------+-------+---------+---------+-------
        D:1 |      13 |      19 |  59.4 |       9 |       4 |  30.8
        D:2 |      44 |       0 |   0.0 |      18 |       0 |   0.0
        D:3 |     298 |      83 |  21.8 |      22 |       8 |  26.7
        D:4 |     360 |       6 |   1.6 |      27 |       2 |   6.9
        D:5 |     760 |       0 |   0.0 |      12 |       0 |   0.0
        D:6 |     993 |    1156 |  53.8 |      29 |      13 |  31.0
        D:7 |    1436 |     520 |  26.6 |      16 |       1 |   5.9
        D:8 |    1839 |     720 |  28.1 |      25 |       7 |  21.9
        D:9 |    1320 |     198 |  13.0 |      23 |       1 |   4.2
       D:10 |    2427 |    2733 |  53.0 |      21 |       6 |  22.2
       D:11 |    3373 |    6992 |  67.5 |      20 |      10 |  33.3
       D:12 |    7192 |       0 |   0.0 |      11 |       0 |   0.0
       D:13 |    7039 |    1761 |  20.0 |      19 |       2 |   9.5
       D:14 |    7153 |       0 |   0.0 |      16 |       0 |   0.0
       D:15 |   14256 |    4556 |  24.2 |      30 |       8 |  21.1
     Lair:1 |    8415 |     773 |   8.4 |      24 |       1 |   4.0
     Lair:2 |    4068 |    1589 |  28.1 |      12 |       6 |  33.3
     Lair:3 |    8557 |    5258 |  38.1 |      26 |      10 |  27.8
     Lair:4 |    2841 |    2151 |  43.1 |      11 |       7 |  38.9
     Lair:5 |   11512 |    4420 |  27.7 |      33 |      20 |  37.7
    Swamp:1 |   17259 |       0 |   0.0 |      37 |       0 |   0.0
    Swamp:2 |   14460 |       0 |   0.0 |      29 |       0 |   0.0
    Swamp:3 |   11976 |    3469 |  22.5 |      17 |       9 |  34.6
    Swamp:4 |   12775 |   15154 |  54.3 |      21 |      23 |  52.3
    Snake:1 |   13392 |    1831 |  12.0 |      28 |       1 |   3.4
    Snake:2 |    9466 |    6766 |  41.7 |      17 |       6 |  26.1
    Snake:3 |   20591 |       0 |   0.0 |      38 |       0 |   0.0
    Snake:4 |   12582 |   21836 |  63.4 |      23 |      33 |  58.9
      Orc:1 |    3362 |       0 |   0.0 |      21 |       0 |   0.0
      Orc:2 |    2436 |    5978 |  71.0 |      21 |      36 |  63.2
      Elf:1 |   19083 |   12746 |  40.0 |      30 |      20 |  40.0
      Elf:2 |    8708 |    3320 |  27.6 |      13 |       4 |  23.5
      Elf:3 |   14714 |   51097 |  77.6 |      21 |      49 |  70.0
   Vaults:1 |   28707 |    6009 |  17.3 |      45 |       9 |  16.7
   Vaults:2 |   25476 |   30027 |  54.1 |      31 |      34 |  52.3
   Vaults:3 |   21886 |   34519 |  61.2 |      36 |      47 |  56.6
   Vaults:4 |   14569 |   14142 |  49.3 |      23 |      19 |  45.2
   Vaults:5 |   36803 |  109637 |  74.9 |      46 |      95 |  67.4
    Crypt:1 |   24519 |    2435 |   9.0 |      38 |       4 |   9.5
    Crypt:2 |   25196 |    3297 |  11.6 |      38 |       1 |   2.6
    Crypt:3 |   38733 |   50282 |  56.5 |      49 |      67 |  57.8
   Depths:1 |   26410 |       0 |   0.0 |      34 |       0 |   0.0
   Depths:2 |   40836 |   25206 |  38.2 |      42 |      28 |  40.0
   Depths:3 |   31457 |   11247 |  26.3 |      35 |      12 |  25.5
   Depths:4 |   26073 |   18145 |  41.0 |      29 |      17 |  37.0
      Zot:1 |   17334 |    9429 |  35.2 |      14 |       4 |  22.2
      Zot:3 |     549 |   10913 |  95.2 |       1 |      11 |  91.7
      Zot:4 |   13076 |   33293 |  71.8 |      11 |      21 |  65.6
      Zot:5 |   35139 |   50027 |  58.7 |      28 |      19 |  40.4
            +---------+---------+-------+---------+---------+-------
